Map: Inside and Out

Players

PiLiPiLi

  • Race: Protoss Protoss
  • Spawn Location: 1:00

ByuN - Winner!

  • Race: Terran Terran
  • Spawn Location: 7:00

Event: DreamHack SC2 Masters 2022 Atlanta (Offline)

VOD

Have the link to the VOD?

Description

Time

  • Played on: Nov. 18, 2022, 11:04 a.m.
  • Length: 10:59

All games in this series

Show
View Real Time Build Order
Export as new Build Order

PiLiPiLi Protoss 

Build Orders: 1 Gate Expand, Phoenix Opening, Colossus Rush 

Get SALT Encoding   

  12  0:02  Probe  
  13  0:14  Probe  
  14  0:17  Pylon  
  14  0:26  Probe (Chrono Boost)  
  15  0:36  Gateway  
  15  0:38  Probe (Chrono Boost)  
  16  0:45  Probe (Chrono Boost)  
  16  0:46  Assimilator  
  17  0:52  Probe  
  18  1:04  Probe  
  19  1:16  Probe  
  20  1:23  Nexus  
  20  1:32  Cybernetics Core  
  20  1:35  Probe  
  21  1:40  Assimilator  
  21  1:47  Probe  
  21  1:50  Pylon  
  22  1:59  Probe  
  23  2:06  Adept (Chrono Boost)  
  23  2:11  Probe  
  26  2:16  Stargate  
  26  2:23  Probe  
  26  2:29  Adept  
  28  2:35  Probe  
  29  2:37  Probe  
  30  2:46  Shield Battery  
  30  2:47  Probe  
  30  2:49  Probe  
  32  2:54  Warp Gate  
  32  2:59  Probe  
  32  3:00  Phoenix (Chrono Boost)  
  33  3:07  Probe  
  33  3:12  Probe  
  34  3:18  Phoenix (Chrono Boost)  
  34  3:19  Probe  
  37  3:24  Probe  
  38  3:28  Probe  
  39  3:36  Probe  
  39  3:37  Phoenix (Chrono Boost), Probe  
  39  3:39  Pylon  
  43  3:48  Probe  
  44  3:53  Gateway  
  44  3:54  Robotics Facility  
  44  3:55  Probe  
  45  4:00  Probe  
  45  4:01  Pylon  
  46  4:03  Assimilator  
  46  4:05  Assimilator  
  46  4:10  Probe  
  46  4:16  Probe  
  48  4:22  Probe  
  48  4:23  Phoenix  
  51  4:28  Probe  
  52  4:33  Gateway  
  52  4:34  Probe  
  52  4:37  Pylon  
  53  4:40  Probe  
  53  4:42  Observer (Chrono Boost), Robotics Bay  
  55  4:46  Probe  
  55  4:48  Pylon  
  55  4:52  Probe  
  57  4:59  Probe  
  56  5:00  Immortal (Chrono Boost)  
  56  5:02  Zealot, Sentry  
  56  5:06  Probe  
  65  5:12  Phoenix  
  67  5:27  Probe x2  
  69  5:29  Colossus (Chrono Boost)  
  75  5:39  Probe, Pylon  
  75  5:41  Nexus  
  76  5:43  Probe  
  76  5:45  Extended Thermal Lance  
  77  5:57  Pylon  
  77  5:58  Zealot  
  77  5:59  Zealot x2  
  78  6:21  Colossus (Chrono Boost)  
  78  6:23  Stalker  
  78  6:24  Stalker x2  
  82  6:29  Probe x2  
  78  6:41  Probe  
  78  6:42  Nexus  
  78  6:44  Pylon  
  78  6:45  Probe  
  80  6:54  Probe  
  80  7:00  Twilight Council, Sentry x2  
  85  7:07  Colossus  
  91  7:10  Phoenix (Chrono Boost)  
  93  7:16  Pylon  
  93  7:18  Shield Battery  
  93  7:19  Shield Battery  
  93  7:21  Pylon  
  94  7:30  Probe  
  94  7:32  Gateway  
  94  7:34  Phoenix, Gateway, Probe  
  97  7:38  Gateway  
  97  7:44  Probe  
  97  7:47  Pylon  
  97  7:48  Charge (Chrono Boost)  
  97  7:50  Probe  
  99  7:53  Pylon  
  99  7:56  Probe  
  99  7:58  Probe  
  101  7:59  Phoenix  
  101  8:03  Zealot x2  
  101  8:04  Zealot  
  109  8:11  Colossus (Chrono Boost)  
  115  8:23  Gateway  
  115  8:24  Phoenix (Chrono Boost), Gateway  
  117  8:42  Templar Archives  
  117  8:44  Pylon  
  117  8:47  Phoenix (Chrono Boost), Zealot x4  
  127  8:49  Warp Prism (Chrono Boost)  
  129  8:56  Pylon  
  129  8:58  Pylon  
  129  9:02  Phoenix (Chrono Boost)  
  131  9:07  Zealot x5  
  141  9:22  Phoenix  
  141  9:23  Zealot  
  141  9:24  Zealot x2  
  149  9:34  Zealot, High Templar x2  
  149  9:35  Zealot x2  
  159  9:40  Archon  
  153  9:48  Zealot  
  153  9:49  Zealot x2  
  153  9:50  Phoenix  
  151  10:02  Zealot x3  
  157  10:19  Zealot x5  
  133  10:27  Phoenix  
  125  10:29  Zealot x3  
  131  10:48  Nexus  
  117  10:54  Zealot  
  117  10:55  Zealot x7  
Show
View Real Time Build Order
Export as new Build Order

ByuN Terran - Winner!

Build Orders:  

Get SALT Encoding   

  12  0:00  SCV  
  13  0:12  SCV  
  14  0:16  Supply Depot  
  14  0:24  SCV  
  15  0:38  SCV  
  15  0:40  Barracks  
  15  0:42  Refinery  
  16  0:50  SCV  
  16  0:52  Refinery  
  17  1:02  SCV  
  18  1:14  SCV  
  19  1:26  Reaper, Orbital Command  
  19  1:29  Supply Depot  
  20  1:41  Factory  
  20  1:52  SCV  
  21  1:59  Reaper  
  22  2:04  SCV  
  23  2:16  SCV  
  23  2:21  Command Center  
  24  2:28  Hellion  
  27  2:30  SCV  
  27  2:33  Barracks Reactor  
  27  2:42  SCV  
  28  2:44  Supply Depot  
  28  2:48  Barracks  
  28  2:52  Factory Tech Lab  
  28  2:54  SCV  
  28  3:06  SCV  
  28  3:09  Marine x2  
  30  3:18  SCV  
  30  3:19  Cyclone  
  34  3:27  Marine x2  
  34  3:30  SCV  
  37  3:34  Orbital Command  
  37  3:37  Barracks Tech Lab  
  37  3:43  SCV  
  37  3:45  Marine x2  
  40  3:51  Supply Depot  
  41  3:56  Stimpack, Marine  
  41  4:00  SCV x2  
  41  4:03  Marine x2  
  41  4:08  Cyclone  
  46  4:12  SCV x2  
  46  4:17  Marine  
  47  4:20  Marine  
  47  4:21  Marine  
  47  4:23  Supply Depot  
  50  4:24  SCV x2  
  50  4:27  Barracks  
  52  4:36  SCV x2, Marine  
  55  4:38  Marine  
  55  4:40  Marine  
  57  4:45  Engineering Bay  
  57  4:48  SCV, Siege Tank  
  57  4:49  SCV  
  62  5:00  Supply Depot, SCV  
  62  5:01  SCV, Marine x3  
  67  5:13  SCV, Refinery  
  68  5:14  Starport  
  68  5:18  SCV  
  69  5:22  Supply Depot  
  69  5:25  SCV  
  69  5:27  Marauder x2, Marine x2  
  75  5:29  Factory Reactor  
  75  5:30  SCV  
  75  5:32  Terran Infantry Weapons Level 1  
  76  5:36  Missile Turret  
  76  5:37  SCV  
  76  5:41  Concussive Shells, Combat Shield  
  77  5:48  SCV  
  77  5:49  SCV  
  79  5:50  Refinery, Marauder x2, Marine  
  84  6:00  SCV  
  84  6:01  SCV  
  86  6:09  Supply Depot  
  86  6:11  Supply Depot  
  86  6:12  Factory Tech Lab, Marine x2  
  86  6:13  Marauder x2  
  86  6:14  Medivac  
  94  6:19  SCV x2, Medivac  
  81  6:30  Marine x2  
  74  6:34  Marauder x2  
  74  6:35  Barracks  
  74  6:36  Barracks  
  78  6:42  Siege Tank  
  81  6:53  Marine  
  80  6:54  Marine  
  80  6:56  Medivac, Marauder x2  
  80  6:57  Medivac  
  89  7:08  Command Center  
  89  7:11  Marine  
  89  7:12  Marine  
  89  7:13  SCV x2  
  93  7:17  Marauder  
  93  7:19  Siege Tank  
  98  7:27  Marine  
  98  7:29  Marine  
  100  7:32  Barracks Reactor, Barracks Tech Lab  
  100  7:33  SCV x2  
  100  7:34  Ghost Academy  
  102  7:43  Medivac x2  
  108  7:45  Marine  
  108  7:47  Marauder, Marine  
  110  7:53  Terran Infantry Armor Level 1  
  110  7:56  Supply Depot  
  110  7:58  Marauder x2  
  114  8:02  SCV x2  
  116  8:08  Enhanced Shockwaves  
  116  8:14  SCV x2  
  116  8:18  Marine x4  
  116  8:19  Missile Turret  
  122  8:20  Supply Depot  
  122  8:25  Ghost  
  122  8:27  Ghost  
  126  8:34  Ghost  
  126  8:36  SCV  
  126  8:37  SCV  
  129  8:47  Marine x2  
  129  8:48  Marine x2  
  133  8:53  Viking  
  133  8:54  Viking  
  137  8:56  Refinery x2, Orbital Command  
  137  8:58  SCV  
  137  8:59  SCV  
  139  9:06  Marauder x3  
  139  9:07  Marine x2  
  139  9:09  Marine x2  
  148  9:14  Supply Depot  
  149  9:23  Supply Depot  
  149  9:24  Supply Depot  
  149  9:26  SCV x3, Marine  
  153  9:33  Marauder x2  
  153  9:35  Marine x2  
  153  9:36  Viking, Marauder  
  163  9:49  Viking  
  163  9:50  Siege Tank  
  160  9:54  Sensor Tower  
  160  9:58  SCV x3  
  163  10:01  Command Center  
  163  10:06  Viking, Marauder  
  163  10:07  Marauder x2  
  171  10:08  Marine  
  171  10:09  Marine x2  
  144  10:24  SCV  
  144  10:27  Marine  
  144  10:28  Marauder x2, Marine  
  133  10:29  Marine x2  
Tags
 
Add a new tag
Caveats
  • Supply blocks, unpowered buildings, or Contaminate may cause inaccurate times.
  • Supply counts are checked every 10 seconds.